 Dungeon Sprint DCSS version 0.21-a0-417-g0adc95b (webtiles) character file.

16593 theanonym the Warrior (level 12, -5/113 HPs)
             Began as a Human Fighter on Nov 3, 2017.
             Was the Champion of Makhleb.
             Slain by an acid blob (7 damage)
             ... in the Dungeon (Sprint V: "Ziggurat Sprint").
             The game lasted 00:10:19 (952 turns).

theanonym the Warrior (Human Fighter)                Turns: 952, Time: 00:10:19

Health: -5/113     AC: 26    Str: 36    XL:     12   Next: 72%
Magic:  22/22      EV:  9    Int:  8    God:    Makhleb [******]
Gold:   0          SH: 33    Dex: 14    Spells: 11/11 levels left

rFire    + . .     SeeInvis .   A - +6 shillelagh "Devastator" {shatter}
rCold    + . .     Gourm    .   z - +18 shield of the Gong {rElec rN+ MR+ EV-5}
rNeg     + + .     Faith    .   y - +15 Maxwell's patent armour {-Cast -Tele rElec MR+ rCorr}
rPois    +         Spirit   .   B - -2 hat of the Alchemist {rElec rPois rF+ rC+ rN+ MR+ rMut rCorr}
rElec    +         Reflect  .   (no cloak)
rCorr    +         Harm     .   c - +0 pair of gloves {Str+3}
rMut     +         NoTele   +   (no boots)
MR       +++..     NoCast   +   m - amulet of regeneration
Stlth    ..........             w - +6 ring of strength
HPRegen  0.68/turn              x - +6 ring of strength
MPRegen  0.18/turn

@: corroded
A: no striking features
a: Minor Destruction, Lesser Servant of Makhleb, Major Destruction, Greater
Servant of Makhleb, Renounce Religion


You were in the Dungeon.
You worshipped Makhleb.
Makhleb was exalted by your worship.
You were not hungry.

You visited 1 branch

Inventory:

Hand Weapons
 A - the +6 shillelagh "Devastator" (weapon) {shatter}
   (You found it in the Dungeon)
Armour
 c - a +0 pair of gloves of strength (worn)
   (You found it in the Dungeon)
 y - the +15 Maxwell's patent armour (worn) {-Cast -Tele rElec MR+ rCorr}
   (You found it in the Dungeon)

   It insulates you from electricity.
   It affects your resistance to hostile enchantments.
   It prevents spellcasting.
   It prevents most forms of teleportation.
   It protects you from acid and corrosion.
 z - the +18 shield of the Gong (worn) {rElec rN+ MR+ EV-5}
   (You found it in the Dungeon)

   It affects your evasion (-5).
   It insulates you from electricity.
   It protects you from negative energy.
   It affects your resistance to hostile enchantments.
 B - the -2 hat of the Alchemist (worn) {rElec rPois rF+ rC+ rN+ MR+ rMut rCorr}
   (You found it in the Dungeon)

   It protects you from fire.
   It protects you from cold.
   It insulates you from electricity.
   It protects you from poison.
   It protects you from negative energy.
   It affects your resistance to hostile enchantments.
   It protects you from acid and corrosion.
   It protects you from mutation.
Jewellery
 a - an uncursed ring of see invisible
   (You found it in the Dungeon)
 m - an amulet of regeneration (around neck)
   (You found it in the Dungeon)
 w - a +6 ring of strength (left hand)
   (You found it in the Dungeon)
 x - a +6 ring of strength (right hand)
   (You found it in the Dungeon)
 C - the ring of Kindness {+Fly rC++ MP+9 Int-4 Dex+2}
   (You found it in the Dungeon)

   [ring of flight]

   It affects your intelligence (-4).
   It affects your dexterity (+2).
   It greatly protects you from cold.
   It affects your magic capacity (+9).
   It lets you fly.
Wands
 v - a wand of acid (5/15)
   (You found it in the Dungeon)
Scrolls
 k - 4 scrolls of blinking
 p - 2 scrolls of fear {!r}
 q - 7 scrolls of fog {!r}
 r - 5 scrolls of identify
 s - a scroll of holy word
 t - 5 scrolls of remove curse
Potions
 d - 5 potions of might
 e - 10 potions of curing
 g - 8 potions of heal wounds
 h - 4 potions of haste
 i - 2 potions of magic
 j - a potion of berserk rage
 l - 3 potions of agility
 n - 2 potions of invisibility
 o - 3 potions of resistance
Miscellaneous
 b - a phantom mirror
Comestibles
 f - 5 bread rations
 u - 4 meat rations


   Skills:
 * Level 16.6 Fighting
 - Level 14.0 Maces & Flails
 + Level 12.9 Armour
 + Level 10.1 Dodging
 + Level 12.9 Shields
 + Level 13.6 Invocations


You had 11 spell levels left.
You didn't know any spells.

Dungeon Overview and Level Annotations

Branches:
Dungeon (1/1)

Altars:
Ashenzari
Cheibriados
Dithmenos
Elyvilon
Fedhas
Gozag
Hepliaklqana
Kikubaaqudgha
Makhleb
Nemelex Xobeh
Okawaru
Qazlal
Ru
Sif Muna
Trog
Uskayaw
Vehumet
Wu Jian
Xom
Yredelemnul
Zin
The Shining One
Beogh
Jiyva
Lugonu

Annotations:
D 1 transporter


Message History

The acid blob, the golden eye, the death ooze and the jelly shudder.
You kill the jelly!
Makhleb accepts your kill.
You feel better.
You kill the golden eye!
Makhleb accepts your kill. You block the acid blob's attack.
PANG!
You sock the acid blob!
The acid blob, the slime creatures and the jelly shudder.
Your hands burn!
The death ooze hits you! You block the death ooze's attack.
GONNNNG!
The acid blob spits acid at you. The splash of acid hits you! You resist.
The acid corrodes you!
You are splashed with acid!
The acid burns!
You resist.
You hit the acid blob.
The acid blob, the slime creatures and the jelly shudder.
Your hands burn!
The death ooze completely misses you. The death ooze closely misses you.
You block the jelly's attack.
GONNNNG!
You are too injured to fight recklessly!
You are too injured to fight recklessly!
You are too injured to fight recklessly!
You are too injured to fight recklessly!
You are too injured to fight recklessly!
You are too injured to fight recklessly!
You are too injured to fight recklessly!
You are too injured to fight recklessly!
You are too injured to fight recklessly!
You are too injured to fight recklessly!
You are too injured to fight recklessly!
You take 23 damage, and have 90/113 hp.
MASSIVE DAMAGE!!
You are too injured to fight recklessly!
You are too injured to fight recklessly!
You are too injured to fight recklessly!
You are too injured to fight recklessly!
You are too injured to fight recklessly!
You are too injured to fight recklessly!
You bludgeon the jelly!!
The slime creatures, the acid blob and the death ooze shudder.
You kill the jelly!
Makhleb accepts your kill.
You feel better. The acid blob spits acid at you. The splash of acid hits you!
You are splashed with acid!
The acid burns!
You resist.
Two slime creatures merge to form a large slime creature.
You block the death ooze's attack.
GONNNNG!
You block the death ooze's attack.
PANG!
You take 4 damage, and have 86/113 hp.
You sock the large slime creature!
There is a shattering impact!
The acid blob spits acid at you. The splash of acid misses you.
The slime creature barely misses you.
You thump the large slime creature!
There is a shattering impact!
You block the death ooze's attack.
GONNNNG!
The death ooze closely misses you. The acid blob hits you!!
You are splashed with acid!
The acid burns!
You resist.
* * * LOW HITPOINT WARNING * * *
You take 31 damage, and have 55/113 hp.
MASSIVE DAMAGE!!
You sock the large slime creature!
There is a shattering impact!
You block the great orb of eyes's attack.
PANG!
You block the slime creature's attack.
GONNNNG!
The death ooze hits you!
* * * LOW HITPOINT WARNING * * *
The death ooze closely misses you.
You take 12 damage, and have 43/113 hp.
You hit the large slime creature.
There is a shattering impact!
The acid blob spits acid at you. You block the splash of acid.
BOUMMMMG!
You block the great orb of eyes's attack.
PTOANNNG!
You block the slime creature's attack.
SHROANNG!
The death ooze hits you.
* * * LOW HITPOINT WARNING * * *
The death ooze barely misses you.
You take 2 damage, and have 41/113 hp.
You bludgeon the large slime creature!!
There is a shattering impact!
The large slime creature hits you!!
* * * LOW HITPOINT WARNING * * *
You block the acid blob's attack.
GONNNNG!
You take 27 damage, and have 14/113 hp.
MASSIVE DAMAGE!!
You hit the large slime creature but do no damage.
You block the death ooze's attack.
GONNNNG!
You block the death ooze's attack.
PANG!
The slime creature hits you!
* * * LOW HITPOINT WARNING * * *
You block the great orb of eyes's attack.
PANG!
The acid blob hits you!
You die...

▓..)))...▓..
▓....8©8....▓........▓..
▓..}))}|""..▓.▓.(..▓.▓.▓
▓...=?[)}=..▓...©....▓..
▓...........▓▓▓▓▓▓▓▓▓▓▓▓
▓...........▓...8©8...▓.
▓.....GG....▓..[}[=...▓.
▓.....JJJ...▓...=)....▓.
▓..J@G▓ ▓.........▓.
▓▓...▓▓ ▓.........▓.
▓..▓.....▓..▓...).....▓.
▓.....©.....▓..)..(...▓.
▓▓▓▓▓▓▓▓▓▓▓▓▓.▓..)..▓.▓.
▓....8©8....▓....©....▓.
▓..|)|:}))..▓▓▓▓▓▓▓▓▓▓▓▓
▓...=|2})...▓...8©8...▓.
▓...........▓..|}[:...▓.


You could see an acid blob, a great orb of eyes, a large slime creature, a slime
creature, a shining eye, a death ooze and an eye of draining.

Vanquished Creatures
  An ice dragon (D)
  A dancing weapon (D)
  An orc high priest (D)
  3 deep elf archers (D)
  An orc knight (D)
  5 deep elf magi (D)
  An orc sorcerer (D)
  An ugly thing (D)
  6 draconians (D)
  A cyclops (D)
  8 merfolk (D)
  An air elemental (D)
  A water elemental (D)
  A wraith (D)
  Sigmund (D)
  2 golden eyes (D)
  2 porcupines (D)
  Duvessa (D)
  A floating eye (D)
  3 orc warriors (D)
  An ogre (D)
  An eye of draining (D)
  A centaur (D)
  Blork the orc (D)
  4 earth elementals (D)
  Dowan (D)
  2 wights (D)
  2 jellies (D)
  2 orc priests (D)
  Crazy Yiuf (D)
  Jessica (D)
  An iguana (D)
  A mummy (D)
  2 white imps (D)
  2 oozes (D)
  2 adder zombies (D)
  2 adder skeletons (D)
  A bat zombie (D)
  A ball python skeleton (D)
  A giant cockroach zombie (D)
  A jackal skeleton (D)
  A quokka zombie (D)
74 creatures vanquished.

Vanquished Creatures (collateral kills)
  A black draconian (D)
  A red draconian (D)
  2 death oozes (D)
  A two-headed ogre (D)
  A glowing orange brain (D)
  A draconian (D)
  An eye of devastation (D)
  An ice devil (D)
  2 slime creatures (D)
  A flying skull (D)
  A wraith (D)
  2 wargs (D)
  An orc warrior (D)
  2 jellies (D)
18 creatures vanquished.

Grand Total: 92 creatures vanquished

Notes
Turn   | Place    | Note
-------+----------+-------------------------------------------
     0 | D        | Found the +6 Majin-Bo {vamp, Archmagi MP+6 Int+6}
     0 | D        | Found the +7 great mace "Firestarter" {inner flame, rF++}
     0 | D        | theanonym the Human Fighter began the quest for the Orb.
     0 | D        | Reached XP level 1. HP: 18/18 MP: 1/1
     2 | D        | Found a blossoming altar of Fedhas.
     3 | D        | Found a viscous altar of Jiyva.
     3 | D        | Found a hazy altar of Hepliaklqana.
     3 | D        | Found a transporter.
     3 | D        | Found an opulent altar of Gozag.
     3 | D        | Found an ancient bone altar of Kikubaaqudgha.
     3 | D        | Found a corrupted altar of Lugonu.
     6 | D        | Found a deep blue altar of Sif Muna.
     6 | D        | Found a bloodstained altar of Trog.
     6 | D        | Found a sacrificial altar of Ru.
     6 | D        | Found a stormy altar of Qazlal.
     6 | D        | Found an iron altar of Okawaru.
     7 | D        | Found a sparkling altar of Nemelex Xobeh.
     9 | D        | Found a burning altar of Makhleb.
    26 | D        | Found the +9 heavy crossbow "Sniper" {velocity, Acc+∞ SInv}
    26 | D        | Found the +10 dark maul {crush}
    26 | D        | Found the +15 Maxwell's patent armour {-Cast -Tele rElec MR+ rCorr}
    26 | D        | Found the +18 shield of the Gong {rElec rN+ MR+ EV-5}
    26 | D        | Found the cursed +14 obsidian axe {chop, +Fly SInv *Curse}
    28 | D        | Found the +6 shillelagh "Devastator" {shatter}
    28 | D        | Found the +11 plutonium sword {*Contam Stlth-}
    28 | D        | Found the +8 lance "Wyrmbane" {slay drac, rPois rF+ rC+ AC+3}
    28 | D        | Found the +9 sword of Zonguldrok {reap}
    28 | D        | Found the cursed +13 scythe of Curses {drain, *Curse}
    28 | D        | Found the +0 sword of Power
    28 | D        | Found the +14 mace of Variability {chaos}
    28 | D        | Found the +7 Singing Sword
    28 | D        | Found the +7 longbow "Piercer" {penet, EV-2}
    57 | D        | Became a worshipper of Makhleb the Destroyer
    64 | D        | Reached skill level 7 in Maces & Flails
    64 | D        | Reached XP level 2. HP: 24/24 MP: 2/2
    66 | D        | Entered arena 2.
    66 | D        | Found a transporter.
    68 | D        | Reached skill level 8 in Maces & Flails
    68 | D        | Reached skill level 1 in Dodging
    68 | D        | Reached skill level 1 in Invocations
    68 | D        | Reached XP level 3. HP: 16/29 MP: 2/4
    68 | D        | Reached skill level 2 in Invocations
    68 | D        | Reached XP level 4. HP: 19/36 MP: 2/5
   202 | D        | Entered arena 3.
   202 | D        | Noticed a porcupine
   202 | D        | Noticed a porcupine
   202 | D        | Found a transporter.
   206 | D        | Killed a porcupine
   206 | D        | Reached * piety under Makhleb
   206 | D        | Reached skill level 4 in Fighting
   206 | D        | Reached skill level 9 in Maces & Flails
   206 | D        | Reached skill level 4 in Armour
   206 | D        | Reached skill level 3 in Dodging
   206 | D        | Reached skill level 4 in Shields
   206 | D        | Reached skill level 3 in Invocations
   206 | D        | Reached XP level 5. HP: 38/43 MP: 5/7
   206 | D        | Killed a porcupine
   206 | D        | Reached skill level 5 in Fighting
   206 | D        | Reached skill level 5 in Armour
   206 | D        | Reached skill level 5 in Shields
   206 | D        | Reached skill level 4 in Invocations
   206 | D        | Reached XP level 6. HP: 46/51 MP: 5/9
   242 | D        | Entered arena 4.
   242 | D        | Noticed an ice dragon
   242 | D        | Noticed an orc knight
   242 | D        | Noticed a wraith
   242 | D        | Noticed a green ugly thing
   242 | D        | Found a transporter.
   247 | D        | Killed a green ugly thing
   247 | D        | Reached ** piety under Makhleb
   247 | D        | Reached skill level 6 in Fighting
   247 | D        | Reached skill level 10 in Maces & Flails
   247 | D        | Reached skill level 6 in Armour
   247 | D        | Reached skill level 5 in Dodging
   247 | D        | Reached skill level 6 in Shields
   247 | D        | Reached skill level 5 in Invocations
   247 | D        | Reached XP level 7. HP: 51/58 MP: 9/11
   250 | D        | Killed an orc knight
   250 | D        | Reached skill level 11 in Maces & Flails
   250 | D        | Reached skill level 6 in Dodging
   250 | D        | Reached skill level 6 in Invocations
   250 | D        | Reached XP level 8. HP: 57/65 MP: 9/13
   262 | D        | HP: 11/65 [ice dragon/blast of cold (15)]
   271 | D        | Killed an ice dragon
   271 | D        | Reached skill level 7 in Fighting
   271 | D        | Reached skill level 12 in Maces & Flails
   271 | D        | Reached skill level 7 in Armour
   271 | D        | Reached skill level 7 in Dodging
   271 | D        | Reached skill level 7 in Shields
   271 | D        | Reached skill level 7 in Invocations
   271 | D        | Reached XP level 9. HP: 23/73 MP: 11/14
   466 | D        | Entered arena 5.
   466 | D        | Noticed a merfolk
   466 | D        | Noticed a merfolk
   466 | D        | Noticed a merfolk
   466 | D        | Noticed a merfolk
   466 | D        | Found a transporter.
   472 | D        | Killed a merfolk
   472 | D        | Reached *** piety under Makhleb
   472 | D        | Reached skill level 8 in Fighting
   472 | D        | Reached skill level 8 in Armour
   472 | D        | Reached skill level 8 in Shields
   472 | D        | Reached skill level 8 in Invocations
   474 | D        | Killed a merfolk
   480 | D        | Killed a merfolk
   480 | D        | Reached skill level 13 in Maces & Flails
   482 | D        | Killed a merfolk
   482 | D        | Reached **** piety under Makhleb
   482 | D        | Reached XP level 10. HP: 67/82 MP: 16/16
   545 | D        | Entered arena 6.
   545 | D        | Found a transporter.
   548 | D        | Reached ***** piety under Makhleb
   554 | D        | Entered arena 7.
   554 | D        | Noticed a cyclops
   555 | D        | Found a transporter.
   559 | D        | Reached skill level 8 in Dodging
   562 | D        | Reached skill level 9 in Invocations
   562 | D        | Killed a cyclops
   563 | D        | Reached skill level 9 in Fighting
   563 | D        | Reached skill level 9 in Armour
   563 | D        | Reached skill level 9 in Shields
   573 | D        | Entered arena 8.
   573 | D        | Noticed Sigmund
   573 | D        | Noticed Jessica
   573 | D        | Noticed Blork the orc
   573 | D        | Noticed Crazy Yiuf
   573 | D        | Noticed Dowan
   573 | D        | Noticed Duvessa
   574 | D        | Found a transporter.
   578 | D        | Killed Duvessa
   578 | D        | Killed Crazy Yiuf
   580 | D        | Killed Jessica
   580 | D        | Reached skill level 14 in Maces & Flails
   585 | D        | Killed Sigmund
   585 | D        | Reached ****** piety under Makhleb
   586 | D        | Killed Dowan
   586 | D        | Killed Blork the orc
   592 | D        | Entered arena 9.
   592 | D        | Noticed a deep elf archer
   592 | D        | Noticed a deep elf mage
   592 | D        | Noticed a deep elf mage
   592 | D        | Noticed a deep elf mage
   592 | D        | Noticed a deep elf archer
   593 | D        | Found a transporter.
   596 | D        | Killed a deep elf mage
   596 | D        | Reached skill level 9 in Dodging
   597 | D        | Killed a deep elf mage
   597 | D        | Reached skill level 10 in Invocations
   598 | D        | Killed a deep elf archer
   604 | D        | Killed a deep elf archer
   604 | D        | Reached XP level 11. HP: 90/90 MP: 18/18
   606 | D        | Reached skill level 10 in Fighting
   610 | D        | Killed a deep elf mage
   610 | D        | Reached skill level 10 in Armour
   610 | D        | Reached skill level 10 in Shields
   662 | D        | Entered arena 10.
   662 | D        | Noticed a deep elf mage
   662 | D        | Noticed a deep elf archer
   662 | D        | Noticed a war axe of holy wrath
   662 | D        | Noticed a deep elf mage
   663 | D        | Found a transporter.
   668 | D        | Killed a deep elf mage
   676 | D        | Killed a deep elf mage
   676 | D        | Reached skill level 10 in Dodging
   677 | D        | Killed a war axe of holy wrath
   677 | D        | Reached skill level 11 in Invocations
   681 | D        | Killed a deep elf archer
   684 | D        | Reached skill level 11 in Fighting
   684 | D        | Reached skill level 11 in Armour
   684 | D        | Reached skill level 11 in Shields
   694 | D        | Entered arena 11.
   694 | D        | Noticed a draconian
   694 | D        | Noticed a draconian
   694 | D        | Noticed a draconian
   694 | D        | Noticed a draconian
   694 | D        | Noticed a red draconian
   694 | D        | Noticed a black draconian
   694 | D        | Noticed a draconian
   694 | D        | Noticed a draconian
   694 | D        | Noticed a draconian
   695 | D        | Found the -2 hat of the Alchemist {rElec rPois rF+ rC+ rN+ MR+ rMut rCorr}
   695 | D        | Found the +3 robe of Clouds {+Fly rElec}
   695 | D        | Found a transporter.
   701 | D        | Killed a draconian
   704 | D        | Killed a draconian
   707 | D        | Killed a draconian
   707 | D        | Reached skill level 12 in Fighting
   708 | D        | Killed a draconian
   708 | D        | Reached skill level 12 in Invocations
   710 | D        | Killed a draconian
   713 | D        | Killed a draconian
   713 | D        | Reached skill level 13 in Fighting
   716 | D        | Killed a red draconian
   716 | D        | Reached XP level 12. HP: 71/106 MP: 19/21
   726 | D        | Reached skill level 14 in Fighting
   733 | D        | Killed a black draconian
   733 | D        | Reached skill level 12 in Armour
   733 | D        | Reached skill level 12 in Shields
   848 | D        | Entered arena 12.
   848 | D        | Noticed an orc high priest
   849 | D        | Noticed a two-headed ogre
   851 | D        | Found a transporter.
   856 | D        | Killed an orc high priest
   856 | D        | Reached skill level 15 in Fighting
   856 | D        | Reached skill level 13 in Invocations
   857 | D        | Killed a two-headed ogre
   861 | D        | Got the ring of Kindness {+Fly rC++ MP+9 Int-4 Dex+2}
   864 | D        | Entered arena 13.
   864 | D        | Noticed a glowing orange brain
   865 | D        | Noticed a death ooze
   865 | D        | Noticed a death ooze
   866 | D        | Found a transporter.
   868 | D        | Paralysed by a floating eye for 3 turns
   869 | D        | Killed a glowing orange brain
   875 | D        | Reached skill level 16 in Fighting
   877 | D        | Killed a death ooze
   878 | D        | Killed a death ooze
   918 | D        | Entered arena 14.
   921 | D        | Found a transporter.
   936 | D        | Entered arena 15.
   937 | D        | Noticed an acid blob
   938 | D        | Noticed a death ooze
   938 | D        | Noticed a great orb of eyes
   939 | D        | Found a transporter.
   951 | D        | HP: 14/113 [large slime creature (27)]
   952 | D        | HP: 2/113 [slime creature (13)]
   952 | D        | Slain by an acid blob

Vault maps used:
D:        sprint_v

Skill      XL: |  1  2  3  4  5  6  7  8  9 10 11 12 |
---------------+-------------------------------------+-----
Maces & Flails | 7 8 9 10 11 12 13 14 | 14.0
Dodging        | 1 3 5 6 7 9 10 | 10.1
Invocations    | 1 2 3 4 5 6 7 8 10 12 13 | 13.6
Fighting       | 4 5 6 7 8 9 13 16 | 16.6
Armour         | 4 5 6 7 8 9 11 12 | 12.9
Shields        | 4 5 6 7 8 9 11 12 | 12.9

Action                   |  1- 3 |  4- 6 |  7- 9 | 10-12 || total
-------------------------+-------+-------+-------+-------++-------
Melee: Shillelagh        |     1 |     8 |    36 |   110 ||   155
Invok: Greater Servant o |       |       |       |     2 ||     2
  Use: Potion            |     1 |       |     6 |     2 ||     9
 Stab: Distracted        |       |       |       |     1 ||     1
Armor: Plate armour      |     1 |     1 |    21 |    24 ||    47
Dodge: Dodged            |       |     1 |     6 |    18 ||    25
Block: Shield            |       |    10 |    64 |   152 ||   226

Table legend:
 A = Spawn XP
 B = Non-spawn XP
 C = Spawn XP percentage of total XP
 D = Spawn monster count
 E = Non-spawn monster count
 F = Spawn count percentage of total count
 G = Total turns spent on level
                    A         B        C        D         E        F      G
               +---------+---------+-------+---------+---------+-------+---------
         Total |       0 |   23696 |   0.0 |       0 |      92 |   0.0 |   952
               +---------+---------+-------+---------+---------+-------+---------
             D |       0 |   23696 |   0.0 |       0 |      92 |   0.0 |   952
               +---------+---------+-------+---------+---------+-------+---------
